 Dungeon Crawl Stone Soup version 0.21-a0-185-g3a6ed1e (webtiles) character file.

23062 Lavandula the Blocker (level 13, -1/84 HPs)
             Began as a Formicid Artificer on Aug 12, 2017.
             Was a Priest of Hepliaklqana.
             Hit by a large rock thrown by a stone giant (43 damage)
             ... on level 1 of the Orcish Mines.
             The game lasted 00:55:40 (7353 turns).

Lavandula the Blocker (Formicid Artificer)          Turns: 7353, Time: 00:55:40

Health: -1/84      AC: 13    Str: 18    XL:     13   Next: 32%
Magic:  13/13      EV: 14    Int: 13    God:    Hepliaklqana [***...]
Gold:   393        SH: 19    Dex: 18    Spells: 6/12 levels left

rFire    . . .     SeeInvis +   u - +2 halberd (protect)
rCold    . . .     Gourm    .   I - +0 large shield
rNeg     . . .     Faith    .   P - +7 ring mail "Tunu" {Slay+3}
rPois    +         Spirit   .   (helmet unavailable)
rElec    .         Reflect  .   (no cloak)
rCorr    .         Harm     .   (no gloves)
MR       +....                  (no boots)
Stlth    +.........             g - amulet of regeneration
HPRegen  0.64/turn              i - +3 ring of dexterity
MPRegen  0.13/turn              w - ring of poison resistance

@: no status effects
A: permanent stasis, dig shafts and tunnels, four strong arms, reduced essence,
antennae 3, clever 1, low mp 1
a: Dig, Shaft Self, Recall Ancestor, Ancestor Identity, Transference, Renounce
Religion


You were on level 1 of the Orcish Mines.
You worshipped Hepliaklqana.
Hepliaklqana was most pleased with you.
You were not hungry.

You visited 3 branches of the dungeon, and saw 17 of its levels.
You visited the Abyss 1 time.

You collected 1330 gold pieces.
You spent 937 gold pieces at shops.

Inventory:

Hand Weapons
 u - a +2 halberd of protection (weapon)
 A - a +2 hand axe of flaming
 Z - the +7 rapier of Execution {venom, rF+ Dex+8 Stlth-}
   (You found it on level 13 of the Dungeon)

   It poisons the flesh of those it strikes.
   It affects your dexterity (+8).
   It protects you from fire.
   It makes you less stealthy.
Missiles
 D - 4 poisoned javelins (quivered)
 R - 3 javelins
Armour
 h - a +0 ring mail
 p - a +0 robe of magic resistance
 I - a +0 large shield (worn)
 P - the +7 ring mail "Tunu" (worn) {Slay+3}
   (You bought it in a shop on level 14 of the Dungeon)

   It affects your accuracy and damage with ranged weapons and melee attacks
   (+3).
 Y - a +0 troll leather armour
Jewellery
 g - an amulet of regeneration (around neck)
 i - a +3 ring of dexterity (left hand)
 j - an uncursed ring of flight
 k - an uncursed ring of protection from magic
 w - a ring of poison resistance (right hand)
Wands
 c - a wand of flame (0/48)
 d - a wand of enslavement (0/24)
 e - a wand of random effects (4/48)
 o - a wand of iceblast (6/15)
 q - a wand of enslavement (10/24)
 y - a wand of iceblast (5/15)
 J - a wand of flame (30/48)
 K - a wand of flame (6/48)
 V - a wand of iceblast (4/15)
 W - a wand of flame (25/48)
Scrolls
 m - 2 scrolls of enchant weapon {unknown}
 n - 8 scrolls of remove curse
 s - 2 scrolls of recharging
 v - 2 scrolls of fog
 z - 2 scrolls of magic mapping {unknown}
 B - 2 scrolls of amnesia {unknown}
 C - 2 scrolls of silence
 E - 3 scrolls of immolation {unknown}
 N - 2 scrolls of fear {unknown}
 S - a scroll of torment {unknown}
Potions
 a - a potion of curing
 r - a potion of resistance
 t - a potion of invisibility {unknown}
 F - 3 potions of brilliance
 L - a potion of mutation {unknown}
 M - a potion of haste {unknown}
 O - a potion of agility {unknown}
 T - a potion of magic
 U - 4 potions of lignification {unknown}
Books
 G - a book of Minor Magic

   Spells                             Type                      Level
   a - Magic Dart                     Conjuration                  1
   b - Blink                          Translocation                2
   c - Call Imp                       Summoning                    2
   d - Slow                           Hexes                        2
   e - Conjure Flame                  Conjuration/Fire             3
   f - Mephitic Cloud                 Conjuration/Poison/Air       3
 X - a book of Enchantments

   Spells                             Type                      Level
   a - Cause Fear                     Hexes                        4
   b - Yara's Violent Unravelling     Hexes/Transmutation          5
   c - Silence                        Hexes/Air                    5
   d - Deflect Missiles               Charms/Air                   6
   e - Discord                        Hexes                        8
Comestibles
 f - 7 bread rations
 l - 4 meat rations
 x - 27 fruits
 Q - 4 royal jellies


   Skills:
 - Level 6.5 Fighting
 - Level 3.9 Short Blades
 + Level 13.9 Polearms
 - Level 4.6 Armour
 - Level 5.2 Dodging
 - Level 1.2 Stealth
 - Level 14.2 Shields
 - Level 3.2 Evocations


You had 6 spell levels left.
You knew the following spells:

 Your Spells              Type           Power        Failure   Level  Hunger
a - Mephitic Cloud        Conj/Pois/Air  #.......     88%         3    ####...
b - Conjure Flame         Conj/Fire      #.......     88%         3    ####...


Dungeon Overview and Level Annotations

Branches:
Dungeon (14/15)            Temple (1/1) D:5             Orc (2/2) D:11
   Lair: D:8-11         Elf: Orc:2       Vaults: D:13-14

Altars:
Ashenzari
Fedhas
Gozag
Hepliaklqana
Makhleb
Okawaru
Qazlal
Ru
Sif Muna
Trog
Vehumet
Wu Jian
Xom
Yredelemnul
Zin

Shops:
D:14 [

Annotations:
D:5 Menkaure
D:7 WhatIsLove's ghost, novice FoFi
D:11 Snorg
D:14 1 runed door, exclusion: deep elf mage


Innate Abilities, Weirdness & Mutations

You cannot be hasted, slowed, berserked, paralysed or teleported.
You can dig through walls and to a lower floor.
Your four strong arms can wield two-handed weapons with a shield.
You have a pair of large antennae on your head. (SInv)
Your life essence is reduced to manifest your ancestor. (-10% HP)
Your mind is acute. (Int +2)
Your magical capacity is low. (-10% MP)


Message History

Unknown command.
Found 13 gold pieces.
You now have 343 gold pieces (gained 13).
Found 20 gold pieces.
Found 16 gold pieces.
Found 14 gold pieces.
Found 16 gold pieces.
You now have 363 gold pieces (gained 20).
Found a stone staircase leading down.
You now have 379 gold pieces (gained 16).
Found 14 gold pieces.
You now have 393 gold pieces (gained 14).
A stone giant comes into view.
The stone giant throws a large rock.
The large rock hits you!!!
Ouch! That really hurt!
Found an escape hatch in the floor.
You see here a large rock.
The stone giant throws a large rock.
The large rock hits you!!!
Ouch! That really hurt!
You die...

#.....#..........
###....###.........
##.##..###...#..... .
##...#............> ..
##.#.............# ...
#...............### ....
##................#...C.
#..............(........
.........#......@.......
........#............$..
#.#....#..............>.
#####.###..#.........#..
### ###...##...### .
##.##..... ### #...##
#####


You could see a stone giant.

Vanquished Creatures
  A tentacled starspawn (Abyss:1)
  The ghost of WhatIsLove the Eclecticist, a journeyman DEFE of Sif Muna (Orc:2)
  Urug (Orc:1)
  The ghost of alpinistek the Fencer, a journeyman MiFi of Wu Jian (D:12)
  Erica (D:8)
  A two-headed ogre (D:14)
  A thrashing horror (Abyss:1)
  An orc high priest (Orc:2)
  An orc sorcerer (Orc:2)
  An ugly thing (D:13)
  A cyclops (D:9)
  A manticore (D:14)
  An elephant (D:10)
  A starcursed mass (Abyss:1)
  An ancient zyme (Abyss:1)
  A hornet (D:11)
  2 trolls (Orc:2)
  2 hippogriffs
  3 large abominations (Abyss:1)
  A basilisk (D:10)
  9 yaks
  3 hungry ghosts
  4 wargs
  A hornet zombie (D:9)
  11 orc warriors
  3 sky beasts
  A phantom (D:14)
  4 ogres
  9 centaurs
  A big kobold (D:9)
  5 bullfrogs
  Blork the orc (D:4)
  4 scorpions
  3 wights (D:11)
  6 crimson imps
  A bullfrog zombie (D:5)
  4 orc priests
  3 hounds
  A gnoll shaman (Orc:2)
  6 orc wizards
  Jessica (D:3)
  5 iguanas
  Natasha (D:4)
  10 worker ants
  2 small abominations (Abyss:1)
  2 hound zombies
  A hound skeleton (D:8)
  A worker ant zombie (D:5)
  4 gnolls
  4 adders
  7 leopard geckos
  33 orcs
  5 bats
  3 giant cockroaches
  2 goblins
  2 hobgoblins
  4 jackals (D:5)
  4 kobolds
  3 quokkas
  A frilled lizard (D:3)
199 creatures vanquished.

Vanquished Creatures (collateral kills)
  Gastronok (Orc:1)
  An ugly thing (D:13)
  A starcursed mass (Abyss:1)
  A centaur skeleton (D:12)
  A large abomination (Abyss:1)
  2 trolls
  A hornet (D:7)
  3 yaks
  A fire bat (Abyss:1)
  A warg (D:11)
  A water moccasin (D:10)
  2 ice beasts
  5 orc warriors
  4 ogres
  4 centaurs
  A crocodile (D:9)
  A bullfrog (D:6)
  A water moccasin zombie (D:9)
  A wight (D:11)
  2 centaur zombies (D:12)
  4 jellies
  3 orc wizards
  2 orc priests (D:10)
  A bullfrog skeleton (D:8)
  A worker ant (D:10)
  3 gnolls (Orc:2)
  23 orcs
  A starspawn tentacle (Abyss:1)
73 creatures vanquished.

Vanquished Creatures (others)
  An orc sorcerer (Orc:2)
  3 meliai (D:14)
  A neqoxec (Abyss:1)
  An orc warrior (D:10)
  2 centaurs (D:14)
  14 knights
  6 ancestors
  4 starspawn tentacles (Abyss:1)
32 creatures vanquished.

Grand Total: 304 creatures vanquished

Notes
Turn   | Place    | Note
-------+----------+-------------------------------------------
     0 | D:1      | Lavandula the Formicid Artificer began the quest for the Orb.
     0 | D:1      | Reached XP level 1. HP: 15/15 MP: 3/3
   379 | D:1      | Reached XP level 2. HP: 21/21 MP: 4/4
   389 | D:1      | Found a shattered altar of Ashenzari.
   771 | D:3      | Noticed Jessica
   774 | D:3      | Killed Jessica
   774 | D:3      | Reached XP level 3. HP: 26/26 MP: 5/5
   880 | D:3      | Reached XP level 4. HP: 27/32 MP: 6/6
  1056 | D:3      | Reached XP level 5. HP: 16/38 MP: 7/7
  1121 | D:3      | Found a glowing silver altar of Zin.
  1127 | D:3      | Found an iron altar of Okawaru.
  1127 | D:3      | Found a shimmering altar of Xom.
  1132 | D:3      | Found a bloodstained altar of Trog.
  1346 | D:4      | Noticed Natasha
  1447 | D:4      | Reached skill level 1 in Polearms
  1461 | D:4      | Found a deep blue altar of Sif Muna.
  1477 | D:4      | Noticed Blork the orc
  1502 | D:4      | Killed Blork the orc
  1502 | D:4      | Reached XP level 6. HP: 34/46 MP: 8/8
  1535 | D:4      | Killed Natasha
  1668 | D:5      | Entered Level 5 of the Dungeon
  1676 | D:5      | Reached XP level 7. HP: 49/51 MP: 9/9
  1683 | D:5      | Reached skill level 5 in Polearms
  1773 | D:5      | Found a staircase to the Ecumenical Temple.
  1796 | Temple   | Entered the Ecumenical Temple
  1815 | Temple   | Became a worshipper of Hepliaklqana the Forgotten
  1919 | D:5      | Noticed Menkaure
  1933 | D:5      | Reached XP level 8. HP: 28/51 MP: 10/10
  2086 | D:5      | Learned a level 3 spell: Mephitic Cloud
  2090 | D:5      | Learned a level 3 spell: Conjure Flame
  2223 | D:7      | Noticed a hornet
  2229 | D:7      | Killed a hornet
  2246 | D:7      | Noticed WhatIsLove's ghost (novice FoFi)
  2306 | D:6      | Reached XP level 9. HP: 48/55 MP: 11/11
  2354 | D:7      | Reached * piety under Hepliaklqana
  2459 | D:8      | Reached skill level 2 in Shields
  2545 | D:8      | Reached skill level 3 in Shields
  2617 | D:8      | Reached skill level 4 in Shields
  2669 | D:9      | Reached skill level 5 in Shields
  2687 | D:9      | Noticed a troll
  2693 | D:9      | Noticed a cyclops
  2727 | D:8      | Noticed Erica
  2798 | D:8      | Killed Erica
  3036 | D:9      | Noticed a cyclops
  3120 | D:9      | Noticed a two-headed ogre
  3207 | D:7      | Reached XP level 10. HP: 66/69 MP: 9/12
  3370 | D:9      | Reached ** piety under Hepliaklqana
  3371 | D:9      | Remembered your ancestor Appius as a knight
  3478 | D:9      | Killed a cyclops
  3478 | D:9      | Reached skill level 5 in Dodging
  3529 | D:9      | Reached skill level 6 in Shields
  3566 | D:10     | Entered Level 10 of the Dungeon
  3635 | D:10     | Reached skill level 7 in Shields
  3640 | D:10     | Noticed an elephant
  3663 | D:10     | Killed an elephant
  3663 | D:10     | Reached skill level 8 in Shields
  3813 | D:10     | Cast into level 1 of the Abyss (orc warrior)
  3850 | Abyss:1  | Found a corrupted altar of Lugonu.
  3880 | Abyss:1  | Noticed a sixfirhy
  3882 | Abyss:1  | Noticed a large abomination
  3885 | Abyss:1  | Noticed a worldbinder
  3894 | Abyss:1  | Reached skill level 9 in Shields
  3900 | Abyss:1  | Killed a large abomination
  3901 | Abyss:1  | Noticed a tentacled starspawn
  3908 | Abyss:1  | Killed a tentacled starspawn
  3908 | Abyss:1  | Reached skill level 10 in Shields
  3908 | Abyss:1  | Reached XP level 11. HP: 56/74 MP: 13/13
  3947 | Abyss:1  | Noticed a rakshasa
  3965 | Abyss:1  | Reached skill level 11 in Shields
  4002 | Abyss:1  | Noticed a large abomination
  4004 | Abyss:1  | Noticed a thrashing horror
  4030 | Abyss:1  | Killed a large abomination
  4030 | Abyss:1  | Reached skill level 10 in Polearms
  4039 | Abyss:1  | Killed a thrashing horror
  4082 | Abyss:1  | Noticed a starcursed mass
  4126 | Abyss:1  | Killed a starcursed mass
  4130 | Abyss:1  | Killed a starcursed mass
  4141 | D:10     | Escaped the Abyss
  4723 | D:11     | Found a staircase to the Orcish Mines.
  4752 | Orc:1    | Entered Level 1 of the Orcish Mines
  4752 | Orc:1    | Noticed Snorg
  4757 | Orc:1    | Reached XP level 12. HP: 80/80 MP: 14/14
  4758 | Orc:1    | Noticed Gastronok
  4759 | Orc:1    | Noticed Urug
  4797 | D:11     | You fall through a shaft for 3 floors!
  4867 | D:14     | Identified a scroll of acquirement
  4884 | D:14     | Found a runed door.
  4884 | D:14     | Noticed a merfolk impaler
  4884 | D:14     | Noticed a merfolk avatar
  4905 | D:14     | Noticed a two-headed ogre
  4913 | D:14     | Killed a two-headed ogre
  5001 | D:14     | Found Habacria's Armour Emporium.
  5006 | D:14     | Reached *** piety under Hepliaklqana
  5111 | D:14     | Reached skill level 1 in Armour
  5283 | D:13     | Got a jewelled rapier
  5284 | D:13     | Identified the +7 rapier of Execution {venom, rF+ Dex+8 Stlth-} (You found it on level 13 of the Dungeon)
  5364 | D:13     | Noticed an eight-headed hydra
  5486 | D:13     | Gained mutation: Your mind is acute. (Int +2) [mutagenic meat]
  5544 | D:12     | Noticed alpinistek's ghost (journeyman MiFi)
  5857 | D:12     | Got a twisted shortbow
  5858 | D:12     | Identified the +5 shortbow "Xeschysya" {flame, rElec} (You found it on level 12 of the Dungeon)
  6103 | D:11     | Reached skill level 12 in Shields
  6219 | Orc:1    | Killed Gastronok
  6284 | Orc:1    | Killed Urug
  6284 | Orc:1    | Reached skill level 13 in Shields
  6520 | D:13     | Gained mutation: Your magical capacity is low. (-10% MP) [mutagenic meat]
  6583 | D:14     | Bought the +7 ring mail "Tunu" {Slay+3} for 937 gold pieces
  6709 | D:12     | Killed alpinistek's ghost
  6775 | Orc:2    | Entered Level 2 of the Orcish Mines
  6785 | Orc:2    | Noticed WhatIsLove's ghost (journeyman DEFE)
  6826 | Orc:2    | Killed WhatIsLove's ghost
  6826 | Orc:2    | Reached skill level 14 in Shields
  6826 | Orc:2    | Reached XP level 13. HP: 84/84 MP: 13/13
  7352 | Orc:1    | Noticed a stone giant
  7353 | Orc:1    | Hit by a large rock thrown by a stone giant

Vault maps used:
D:1:      scummos_arrival_hexagon, evilmike_ruin_ashenzari
D:2:      overflow_temple_1_default, kennysheep_slug_shrine, xom_teletrap_fun,
          uniq_crazy_yiuf_cottage, uniq_sigmund
D:3:      grunt_temple_overflow_open, first_bread, uniq_jessica, uniq_grinder
D:4:      serial_shops, shop, lemuel_statue_altar, uniq_blork_the_orc,
          uniq_natasha
D:5:      minmay_temple_entry_water_ring, tgw_sif, uniq_menkaure
D:8:      uniq_erica
D:9:      blue_anna_alchemist, minmay_bent
D:10:     david_lair_generic
D:11:     minmay_orc_entry_guard_dogs, nicolae_tso_carved_into_rock
D:14:     grunt_vaults_entry_tiered, hangedman_glass_teeth, serial_shops, shop,
          kennysheep_doodads, mikee_hates_you
Temple:   eino_temple_rhombus
Orc:1:    uniq_gastronok, uniq_snorg, uniq_urug
Orc:2:    st_orc_town, bh_open_orc_temple

Skill      XL: |  1  2  3  4  5  6  7  8  9 10 11 12 |
---------------+-------------------------------------+-----
Short Blades   | 2 3 |  3.9
Fighting       | 2 6 |  6.5
Polearms       | 2 4 6 9 12 13 | 13.9
Shields        | 5 10 11 14 | 14.2
Dodging        | 2 5 |  5.2
Armour         | 4 |  4.6
Stealth        | |  1.2
Evocations     | |  3.2

Action                   |  1- 3 |  4- 6 |  7- 9 | 10-12 | 13-15 || total
-------------------------+-------+-------+-------+-------+-------++-------
Melee: Short sword       |    43 |       |       |       |       ||    43
       Dagger            |     7 |   130 |       |       |       ||   137
       Halberd           |       |    36 |   206 |   519 |   121 ||   882
       War axe           |       |       |       |     3 |       ||     3
       Hand axe          |       |       |       |     7 |       ||     7
Invok: Recall Ancestor   |       |       |     3 |     5 |       ||     8
       Ancestor Life: Kn |       |       |       |     1 |       ||     1
       Transference      |       |       |       |     2 |     1 ||     3
 Abil: Dig               |       |     3 |     7 |     7 |       ||    17
       Shaft Self        |       |       |       |     1 |       ||     1
Evoke: Wand              |     4 |    15 |     9 |    17 |     3 ||    48
  Use: Scroll            |       |     5 |     3 |     8 |       ||    16
       Potion            |       |     1 |       |     2 |       ||     3
 Stab: Distracted        |       |       |     4 |     3 |       ||     7
       Sleeping          |       |       |     3 |     4 |       ||     7
  Eat: Chunk             |       |     3 |     5 |    16 |     3 ||    27
       Fruit             |       |       |       |     1 |       ||     1
Armor: Leather armour    |     6 |       |       |       |       ||     6
       Ring mail         |     2 |    38 |    53 |    44 |    17 ||   154
       Troll leather arm |       |       |       |     1 |       ||     1
Dodge: Dodged            |    31 |    76 |    84 |    86 |    22 ||   299
Block: Large shield      |       |       |    34 |   257 |    56 ||   347
